 Dungeon Crawl Stone Soup version 0.25.0-10-g039870ee82 (webtiles) character file.

Game seed: 3937023736866842431

23 Flugkiller the Slasher (level 2, 0/18 HPs)
             Began as a Deep Elf Chaos Knight on June 23, 2020.
             Was a Plaything of Xom.
             Slain by a kobold (3 damage)
             ... on level 1 of the Dungeon.
             The game lasted 00:00:36 (710 turns).

Flugkiller the Slasher (Deep Elf Chaos Knight)       Turns: 710, Time: 00:00:36

Health: 0/18       AC:  6    Str:  9    XL:     2   Next: 72%
Magic:  4/4        EV: 12    Int: 16    God:    Xom [.....*]
Gold:   101        SH:  0    Dex: 14    Spells: 1/1 levels left

rFire    . . .     SeeInvis .   a - +0 falchion (chaos)
rCold    . . .     Gourm    .   (no shield)
rNeg     . . .     Faith    .   b - +2 leather armour
rPois    .         Spirit   .   (no helmet)
rElec    .         Reflect  .   (no cloak)
rCorr    .         Harm     .   (no gloves)
MR       .....                  e - +0 pair of boots
Stlth    +.........             (no amulet)
HPRegen  0.06/turn              (no ring)
MPRegen  0.09/turn              (no ring)

@: no status effects
A: no striking features
a: Renounce Religion


You were on level 1 of the Dungeon.
You worshipped Xom.
You were Xom's teddy bear.
You were not hungry.

You visited 1 branch of the dungeon, and saw 1 of its levels.

You collected 101 gold pieces.

Inventory:

Hand Weapons
 a - a +0 falchion of chaos (weapon)
Armour
 b - a +2 leather armour (worn)
 e - a +0 pair of boots (worn)
   (You found it on level 1 of the Dungeon)
Scrolls
 g - a scroll of noise {unknown}
 h - a scroll of immolation {unknown}
 i - a scroll of enchant weapon {unknown}
Potions
 f - a potion of ambrosia {unknown}
 j - a potion of might {unknown}
 k - a potion of berserk rage {unknown}
Comestibles
 c - a ration
 d - 4 chunks of flesh


   Skills:
 + Level 2.7 Fighting
 + Level 3.0 Long Blades
 - Level 0.7 Armour
 + Level 3.0 Dodging


You had one spell level left.
You didn't know any spells.
Your spell library was empty.

Dungeon Overview and Level Annotations

Branches:
Dungeon (1/15)

Altars:
Xom


Message History

No target in view!
No target in view!
No target in view!
Xom briefly touches your surroundings.
Found a scroll labeled FAXUBU TYXKEF.
A bat comes into view.
A bat is nearby!
The bat hits you but does no damage. The bat hits you.
Found 14 gold pieces.
You see here a scroll labeled FAXUBU TYXKEF.
The bat barely misses you.
A kobold comes into view.
The kobold shouts!
The bat closely misses you. The bat misses you. The bat barely misses you.
You riposte.
You hit the bat but do no damage. The bat closely misses you.
You riposte.
You hit the bat.
You kill the bat!
The kobold throws a stone.
The stone hits you.
You see here a bat corpse.
The kobold misses you.
You hit the kobold but do no damage.
The kobold goes berserk!
The kobold barely misses you. The kobold hits you.
You closely miss the kobold. The kobold hits you but does no damage.
You hit the kobold.
The kobold flickers and vanishes!
Deactivating autopickup; reactivate with Ctrl-A.
Xom is amused.
Something hits you but does no damage. Something hits you but does no damage.
You barely miss something. Something hits you.
* * * LOW HITPOINT WARNING * * *
You barely miss something. Something hits you but does no damage.
Something hits you but does no damage.
Okay, then.
You miss something. Something completely misses you. Something hits you.
* * * LOW HITPOINT WARNING * * *
You miss something. Something hits you.
* * * LOW HITPOINT WARNING * * *
Something hits you but does no damage.
You barely miss something. Something hits you but does no damage.
You miss something. Something hits you but does no damage. Something hits you.
You die... "It's all fun and games until someone loses an eye."

...#### #######_###.## ##.#..
........##...# #.#.#
#######.###.## ##.#.# #.# ###
#....############# ###.#
#.......... .....#######...#
#.....##.## #.............######
##÷#..# #..{#######.#.......
#.#..# #..@# #.#.####.# #.#..#
#..†#######.#.####.. ##.#..##.#
#.....?.....#.......
............$....################
##.#####.#######.# ##.# ..# ...#
#### ####


There were no monsters in sight!

Vanquished Creatures
  3 dart slugs (D:1)
  A leopard gecko (D:1)
  2 giant cockroaches (D:1)
  2 hobgoblins (D:1)
  3 bats (D:1)
  A frilled lizard (D:1)
  A kobold (D:1)
  5 rats (D:1)
18 creatures vanquished.

Notes
Turn   | Place    | Note
-------+----------+-------------------------------------------
     0 | D:1      | Flugkiller the Deep Elf Chaos Knight began the quest for
                  | the Orb.
     0 | D:1      | Reached XP level 1. HP: 13/13 MP: 3/3
   258 | D:1      | XOM: silly message
   266 | D:1      | Reached XP level 2. HP: 18/18 MP: 4/4
   657 | D:1      | XOM: scenery: create altars
   710 | D:1      | Slain by a kobold

Illustrated notes

Levels and vault maps discovered:
D:1:      lightli_arrival_noodles, layout_loops_ring

Skill      XL: |  1  2 |
---------------+-------+-----
Long Blades    | 3 |  3.0
Dodging        | 3 |  3.0
Fighting       | |  2.7
Armour         | |  0.7

Action                   || total
-------------------------++-------
Melee: Falchion          ||    48
Armor: Leather armour    ||    20
Dodge: Dodged            ||    29
       Rpst.: Falchion   ||     9
